 Dungeon Crawl Stone Soup version 0.23.1 (webtiles) character file.

Game seed: 12749460611906849316

1462 DildoBatman the Stinger (level 9, 0/63 HPs)
             Began as a Formicid Wizard on Mar 14, 2019.
             Was a Follower of Kikubaaqudgha.
             Slain by a centaur skeleton (5 damage)
             ... on level 8 of the Dungeon.
             The game lasted 00:29:55 (6595 turns).

DildoBatman the Stinger (Formicid Wizard)           Turns: 6595, Time: 00:29:56

Health: 0/63       AC:  8    Str: 12 (15) XL:     9   Next: 5%
Magic:  1/15       EV: 11    Int: 19 (21) God:    Kikubaaqudgha [*.....]
Gold:   357        SH:  0    Dex: 12 (13) Spells: 10/17 levels left

rFire    . . .     SeeInvis +   a - +4 mace
rCold    . . .     Gourm    .   (no shield)
rNeg     + . .     Faith    .   A - +1 ring mail of Dasuits {Str+3}
rPois    .         Spirit   .   (helmet unavailable)
rElec    .         Reflect  .   (no cloak)
rCorr    .         Harm     .   n - +1 pair of gloves
MR       .....                  (no boots)
Stlth    +.........             (no amulet)
HPRegen  0.20/turn              c - +4 ring of dexterity
MPRegen  0.14/turn              w - ring of positive energy

@: lethally poisoned (0 -> -13), very slightly contaminated
A: permanent stasis, dig shafts and tunnels, four strong arms, antennae 3
a: Dig, Shaft Self, Receive Corpses, Renounce Religion


You were on level 8 of the Dungeon.
You worshipped Kikubaaqudgha.
Kikubaaqudgha was aware of your devotion.
You were very hungry.

You visited 2 branches of the dungeon, and saw 10 of its levels.

You collected 357 gold pieces.

Inventory:

Hand Weapons
 a - a +4 mace (weapon)
 b - a +0 spear of piercing
 e - a +0 blowgun
 o - a +0 short sword of draining
 B - a +2 flail of holy wrath
 F - a +0 shortbow
Missiles
 d - 5 curare-tipped needles
 g - 80 poisoned needles
 h - 55 arrows
 j - 109 sling bullets
 l - 5 tomahawks (quivered)
 m - 225 stones
 D - 36 bolts
Armour
 n - a +1 pair of gloves (worn)
 y - a +0 shield
 A - the +1 ring mail of Dasuits (worn) {Str+3}
   (You took it off an orc priest on level 4 of the Dungeon)

   It affects your strength (+3).
Jewellery
 c - a +4 ring of dexterity (left hand)
 f - an uncursed ring of resist corrosion
 w - a ring of positive energy (right hand)
Wands
 u - a wand of iceblast (13)
Scrolls
 r - a scroll of enchant armour {unknown}
 t - 2 scrolls of enchant weapon {unknown}
 x - 2 scrolls of remove curse
 z - 3 scrolls of identify
Potions
 i - a potion of brilliance {unknown}
 p - a potion of degeneration
 q - a potion of agility {unknown}
Comestibles
 v - 5 rations


   Skills:
 * Level 3.1 Fighting
 - Level 2.0 Maces & Flails
 * Level 2.9 Armour
 - Level 3.0 Dodging
 - Level 2.4 Stealth
 * Level 4.5 Spellcasting
 - Level 5.0 Conjurations
   Level 1.0 Summonings
   Level 0.8 Translocations
 * Level 3.0 Fire Magic
 * Level 2.6 Air Magic
 * Level 5.1 Poison Magic


You had 10 spell levels left.
You knew the following spells:

 Your Spells              Type           Power        Failure   Level  Hunger
a - Conjure Flame         Conj/Fire      ###.....     17%         3    ###....
c - Magic Dart            Conj           ###.         3%          1    None
e - Mephitic Cloud        Conj/Pois/Air  ###.....     16%         3    ###....

Your spell library contained the following spells:

 Spells                   Type           Power        Failure   Level  Hunger
 Call Imp                 Summ           #.......     28%         2    #......
 Slow                     Hex            #.......     41%         2    #......
 Blink                    Tloc           Unusable     N/A         2    N/A

Dungeon Overview and Level Annotations

Branches:
Dungeon (9/15)             Temple (1/1) D:7
   Lair: D:8-11         Orc: D:9-12

Altars:
Ashenzari
Cheibriados
Dithmenos
Gozag
Hepliaklqana
Kikubaaqudgha
Makhleb
Nemelex Xobeh
Okawaru
Qazlal
Ru
Sif Muna
Trog
Vehumet
Wu Jian
Yredelemnul
The Shining One
Lugonu

Shops:
D:6 }

Annotations:
D:2 1 exclusion
D:3 Grinder
D:4 1 exclusion
D:5 Pikel; Prince Ribbit
D:6 2 runed translucent doors, Crazy Yiuf; Edmund; grerr's ghost, novice DECj


Innate Abilities, Weirdness & Mutations

You cannot be hasted, slowed, berserked, paralysed or teleported.
You can dig through walls and to a lower floor.
Your four strong arms can wield two-handed weapons with a shield.
You have a pair of large antennae on your head. (SInv)


Message History

The killer bee is engulfed in noxious fumes.
The killer bee completely misses the orc.
You retract your mandibles.
You feel sick.
The orc dies!
Kikubaaqudgha accepts your kill.
The killer bee stings something!
Kikubaaqudgha accepts your kill.
You can now receive cadavers from Kikubaaqudgha.
You see here Kikubaaqudgha's Disquisition on Darkness.
Kikubaaqudgha grants you a gift!
You feel a bit more experienced.
You see here Kikubaaqudgha's Disquisition on Darkness.
The killer bee stings you but does no damage.
The killer bee stings you.
You are lethally poisoned!
The killer bee poisons you! The centaur skeleton hits you.
You die...
Kikubaaqudgha rasps: "You have failed me!
Welcome... death!"

..# ##...## ...##
##.....##
#..###.......### #
#..#....##.....##.
#.....##.#.......
#.......##..##...
#....y.........#.
##y##{{......###.o
#####@.#.###..{..###{.
.......yZ.##
##....##..#
.........## ##...#..##
.....)#..# ##.....#
...####...# #....##
#.....
......######....# ##
#....#
........#......o##
.###...#
.............###..#
......#
##.......>y#####.#..#


You could see 2 killer bees and a centaur skeleton.

Vanquished Creatures
  A yak (D:8)
  3 slaves (D:6)
  An ice beast (D:4)
  A centaur (D:8)
  A big kobold (D:7)
  3 bullfrogs
  A scorpion (D:6)
  3 killer bees (D:8)
  2 howler monkeys
  A centaur zombie (D:7)
  A centaur skeleton (D:8)
  3 orc wizards
  5 orc priests
  A hound (D:3)
  3 bullfrog skeletons
  An iguana (D:5)
  3 worker ants
  A hound skeleton (D:6)
  5 gnolls
  9 adders
  2 oozes
  3 worms
  4 dart slugs (D:1)
  3 leopard geckos
  16 orcs
  A ball python (D:2)
  6 bats
  4 giant cockroaches
  3 hobgoblins
  7 jackals
  2 quokkas
  5 frilled lizards
  A giant cockroach zombie (D:5)
  6 goblins
  15 kobolds
  14 rats
141 creatures vanquished.

Vanquished Creatures (collateral kills)
  An orc (D:8)
1 creature vanquished.

Grand Total: 142 creatures vanquished

Notes
Turn   | Place    | Note
-------+----------+-------------------------------------------
     0 | D:1      | DildoBatman the Formicid Wizard began the quest for the
                  | Orb.
     0 | D:1      | Reached XP level 1. HP: 13/13 MP: 4/4
     5 | D:1      | Reached skill level 1 in Conjurations
   200 | D:1      | Reached XP level 2. HP: 19/19 MP: 3/6
   463 | D:1      | Reached XP level 3. HP: 17/24 MP: 2/7
   468 | D:1      | Learned a level 3 spell: Conjure Flame
   472 | D:1      | Learned a level 3 spell: Mephitic Cloud
   986 | D:2      | Reached XP level 4. HP: 13/30 MP: 2/8
  1314 | D:2      | Found a bloodstained altar of Trog.
  1633 | D:2      | Found a basalt altar of Yredelemnul.
  1881 | D:2      | Reached XP level 5. HP: 27/35 MP: 2/9
  2514 | D:2      | Reached XP level 6. HP: 25/41 MP: 3/10
  2580 | D:3      | Reached skill level 5 in Conjurations
  2760 | D:3      | Reached skill level 1 in Poison Magic
  2818 | D:3      | Found a faded altar of an unknown god.
  2930 | D:3      | Reached skill level 1 in Fire Magic
  2940 | D:3      | Reached skill level 1 in Air Magic
  3492 | D:4      | Noticed an ice beast
  3559 | D:4      | Noticed Grinder
  3607 | D:4      | You fall through a shaft for 2 floors!
  3607 | D:6      | Noticed Pikel
  3607 | D:6      | Noticed a slave
  3607 | D:6      | Noticed a slave
  3607 | D:6      | Noticed a slave
  3607 | D:6      | Noticed a slave
  3627 | D:5      | Entered Level 5 of the Dungeon
  3996 | D:3      | Reached XP level 7. HP: 33/46 MP: 2/11
  4205 | D:4      | Reached skill level 1 in Fighting
  4205 | D:4      | Reached skill level 1 in Armour
  4354 | D:4      | Found a shadowy altar of Dithmenos.
  4354 | D:4      | Found a faded altar of an unknown god.
  4361 | D:4      | Found an iron altar of Okawaru.
  4363 | D:4      | Found a stormy altar of Qazlal.
  4364 | D:4      | Found a hazy altar of Hepliaklqana.
  4384 | D:4      | Identified the cursed +1 ring mail of Dasuits {Str+3}
  4755 | D:4      | Found a sparkling altar of Nemelex Xobeh.
  4888 | D:5      | Found an ornate altar of the Wu Jian Council.
  5050 | D:5      | Noticed Prince Ribbit
  5198 | D:6      | Reached XP level 8. HP: 52/54 MP: 6/13
  5259 | D:6      | Found a runed translucent door.
  5265 | D:6      | Noticed grerr's ghost (novice DECj)
  5268 | D:6      | Found Sunuon's Gadget Shoppe.
  5522 | D:6      | Noticed Edmund
  5577 | D:6      | Reached skill level 1 in Maces & Flails
  5627 | D:6      | Found a radiant altar of Vehumet.
  5774 | D:6      | Found a basalt altar of Yredelemnul.
  5913 | D:6      | Found a runed translucent door.
  5914 | D:6      | Noticed Crazy Yiuf
  6002 | D:7      | Found a staircase to the Ecumenical Temple.
  6011 | Temple   | Entered the Ecumenical Temple
  6048 | Temple   | Became a worshipper of Kikubaaqudgha
  6346 | D:7      | You fall through a shaft!
  6445 | D:8      | Noticed a yak
  6480 | D:8      | Noticed a yak
  6489 | D:8      | Noticed a yak
  6532 | D:9      | Noticed a yak
  6532 | D:9      | Noticed a yak
  6537 | D:9      | Noticed a yak
  6556 | D:8      | Killed a yak
  6556 | D:8      | Reached skill level 5 in Poison Magic
  6556 | D:8      | Reached XP level 9. HP: 26/63 MP: 4/15
  6594 | D:8      | Reached * piety under Kikubaaqudgha
  6594 | D:8      | Identified Kikubaaqudgha's Disquisition on Darkness
                  | (Kikubaaqudgha gifted it to you on level 8 of the Dungeon)
  6594 | D:8      | Received a gift from Kikubaaqudgha
  6595 | D:8      | Slain by a centaur skeleton

Skill      XL: |  1  2  3  4  5  6  7  8 |
---------------+-------------------------+-----
Conjurations   | 1 2 3 4 5 |  5.0
Poison Magic   | 3 5 |  5.1
Fire Magic     | 1 2 3 |  3.0
Air Magic      | 1 2 |  2.6
Dodging        | 2 3 |  3.0
Fighting       | 1 3 |  3.1
Armour         | 1 2 |  2.9
Maces & Flails | 2 |  2.0
Spellcasting   | 4 |  4.5
Stealth        | |  2.4
Summonings     | |  1.0
Translocations | |  0.8

Action                   |  1- 3 |  4- 6 |  7- 9 || total
-------------------------+-------+-------+-------++-------
Melee: Dagger            |    25 |    55 |       ||    80
       Spear             |       |    38 |    30 ||    68
       Halberd           |       |    14 |       ||    14
       Mace              |       |       |    78 ||    78
 Fire: Blowgun           |     5 |     5 |       ||    10
 Cast: Magic Dart        |    67 |   110 |    95 ||   272
       Mephitic Cloud    |       |    21 |    23 ||    44
       Conjure Flame     |       |     8 |     7 ||    15
 Abil: Dig               |       |    18 |    20 ||    38
       Shaft Self        |       |     1 |       ||     1
Evoke: Wand              |       |       |     3 ||     3
  Use: Scroll            |       |     3 |     1 ||     4
       Potion            |       |     3 |     4 ||     7
 Stab: Confused          |       |     7 |     3 ||    10
  Eat: Chunk             |       |    11 |    14 ||    25
       Ration            |       |     1 |       ||     1
Armor: Robe              |     5 |     9 |       ||    14
       Ring mail         |       |       |    56 ||    56
Dodge: Dodged            |    16 |    75 |   121 ||   212
